 Dungeon Crawl Stone Soup version 0.32-a0-656-g3542139ebd (webtiles) character file.

Game seed: 16460720015845307745

324 cforsyth the Grave Robber (level 6, -4/51 HPs)
             Began as a Mountain Dwarf Necromancer on Mar 9, 2024.
             Slain by Menkaure (18 damage)
             ... on level 4 of the Dungeon.
             The game lasted 00:04:31 (3684 turns).

cforsyth the Grave Robber (MDNe)                    Turns: 3684, Time: 00:04:32

Health: -4/51      AC: 12    Str: 12    XL:     6   Next: 23%
Magic:  8/8        EV:  6    Int: 16    God:
Gold:   164        SH:  0    Dex: 10    Spells: 7/8 levels left

rFire   . . .        c - +0 whip (venom)
rCold   . . .        (no shield)
rNeg    . . .        a - +0 chain mail
rPois   .            u - +1 helmet
rElec   .            k - +0 cloak
rCorr   .            (no gloves)
SInv    .            (no boots)
Will    .....        (no amulet) Stlth
                     (no ring)
HPRegen 0.28/turn    (no ring)
MPRegen 0.11/turn

%: no passive effects
@: no status effects
A: runic magic, artefact enchanting
a: no special abilities


You were on level 4 of the Dungeon.
You visited 1 branch of the dungeon, and saw 4 of its levels.

You collected 164 gold pieces.


Innate Abilities, Weirdness & Mutations

Your spellcasting is much less encumbered by armour.
You can use scrolls of enchantment on lesser artefacts.


   Skills:
 + Level 3.5 Fighting
 + Level 3.0 Axes
 + Level 2.8 Armour
 - Level 1.3 Dodging
 - Level 1.4 Stealth
 - Level 1.7 Spellcasting
 + Level 5.8 Necromancy


You had 7 spell levels left.
You knew the following spells:

 Your Spells              Type           Power      Damage    Failure   Level
X - Necrotise             Necr           80%        1d8       4%          1

Your spell library contained the following spells:

 Spells                   Type           Power      Damage    Failure   Level
 Vampiric Draining        Necr           20%        2d7       13%         3
 Animate Dead             Necr           20%        N/A       38%         4
 Freeze                   Ice            4%         1d3       43%         1
 Curse of Agony           Necr           20%        N/A       75%         5
 Frozen Ramparts          Ice            2%         1d1       80%         3
 Hailstorm                Conj/Ice       1%         3d5       80%         3

Inventory:

Hand Weapons
 c - a +0 whip of venom (weapon)
 h - a +0 war axe
Armour
 a - a +0 chain mail (worn)
 k - a +0 cloak (worn)
 u - a +1 helmet (worn)
Wands
 l - a wand of warping (10)
Scrolls
 g - 4 scrolls of identify {unknown}
 i - a scroll of silence {unknown}
 m - a scroll of vulnerability {unknown}
 n - 2 scrolls of teleportation {unknown}
 o - a scroll of amnesia {unknown}
 t - a scroll of fog {unknown}
Potions
 b - a potion of magic
 d - 2 potions of cancellation {unknown}
 e - 2 potions of invisibility {unknown}
 f - a potion of resistance {unknown}
 j - 2 potions of might {unknown}
 p - a potion of attraction {unknown}
 q - a potion of haste {unknown}
 r - a potion of mutation {unknown}
 s - a potion of curing {unknown}

Dungeon Overview and Level Annotations

Branches:
Dungeon (4/15)
 Temple: D:4-7

Altars:
Dithmenos
Qazlal
Vehumet

Annotations:
D:4 Menkaure

.# ###...... . ..
.......) ..#.#####
###...... .......
......... ......#####
#...... #..#.....##
#......
#..##.....#######.#
##..................
.....#@...............#
####.#M#####...........
#.#.# #.#.........
##.#.### #.#.####..##
#####......# #.#.# ##.#
#..........# #.#.## #.#
#.###......# #....# #..
#..)..### #....# ###
#.....# #....#


You could see Menkaure (fast).


Message History

You hit Menkaure.
Menkaure is lightly damaged.
Menkaure hits you.
You barely miss Menkaure.
Menkaure is lightly damaged.
Menkaure hits you!
You hit Menkaure.
Menkaure is moderately damaged.
Menkaure hits you but does no damage.
You hit Menkaure.
Menkaure is moderately damaged.
Menkaure hits you. x2
You barely miss Menkaure.
Menkaure is moderately damaged.
Menkaure casts a spell at you. Pain shoots through your body!
You barely miss Menkaure.
Menkaure is moderately damaged.
Menkaure closely misses you.
You hit Menkaure but do no damage.
Menkaure is moderately damaged.
Menkaure hits you.
You hit Menkaure.
Menkaure is heavily damaged.
Menkaure hits you!
* * * LOW HITPOINT WARNING * * *
You barely miss Menkaure.
Menkaure is heavily damaged.
Menkaure hits you!!
You die...

Skill      XL: |  1  2  3  4  5 |
---------------+----------------+-----
Fighting       | 1 2 3 |  3.5
Axes           | 1 3 |  3.0
Necromancy     | 5 |  5.8
Armour         | 1 2 |  2.8
Dodging        | |  1.3
Stealth        | |  1.4
Spellcasting   | |  1.7

Action                     |  1- 3 |  4- 6 || total
---------------------------+-------+-------++-------
  Melee: Unarmed           |     4 |       ||     4
         Whip              |    14 |    45 ||    59
   Cast: Necrotise         |    41 |   103 ||   144
 Armour: Robe              |    11 |     3 ||    14
         Ring mail         |       |    41 ||    41
         Chain mail        |       |    29 ||    29
  Dodge: Dodged            |    18 |    29 ||    47

Levels and vault maps discovered:
D:1:      minmay_arrival_plants_in_alcoves, layout_rooms
D:2:      layout_rooms, basic_altar, minmay_increasing_density, uniq_jessica
D:3:      layout_loops_ring, lemuel_crystal_altar,
          gammafunk_temple_overflow_wave, dreamdust_princess_corridor,
          uniq_robin
D:4:      layout_basic, minmay_temple_entry_wispy,
          minmay_misc_feat_more_columns, uniq_menkaure

Notes
Turn   | Place    | Note
-------+----------+-------------------------------------------
     0 | D:1      | cforsyth the Mountain Dwarf Necromancer began the quest for
                  | the Orb.
     0 | D:1      | Reached XP level 1. HP: 14/14 MP: 3/3
   107 | D:1      | Reached skill level 1 in Fighting
   136 | D:1      | Reached XP level 2. HP: 18/23 MP: 0/4
   753 | D:2      | Found a shadowy altar of Dithmenos.
   787 | D:2      | Noticed Jessica
   788 | D:2      | Reached XP level 3. HP: 29/29 MP: 1/5
   800 | D:2      | Killed Jessica
   801 | D:2      | Reached skill level 2 in Fighting
   801 | D:2      | Reached skill level 1 in Axes
   801 | D:2      | Reached skill level 5 in Necromancy
   882 | D:2      | Reached skill level 1 in Armour
   904 | D:2      | Reached XP level 4. HP: 32/36 MP: 0/6
  1855 | D:3      | Found a shadowy altar of Dithmenos.
  1855 | D:3      | Found a stormy altar of Qazlal.
  1959 | D:3      | Noticed Robin
  2056 | D:3      | Killed Robin
  2263 | D:3      | Found a radiant altar of Vehumet.
  2272 | D:3      | Reached XP level 5. HP: 33/42 MP: 3/7
  2324 | D:3      | Reached skill level 2 in Axes
  2355 | D:3      | Reached skill level 2 in Armour
  2885 | D:3      | Reached skill level 3 in Fighting
  3329 | D:4      | Noticed a black bear
  3355 | D:4      | Killed a black bear
  3356 | D:4      | Reached skill level 3 in Axes
  3356 | D:4      | Reached XP level 6. HP: 37/51 MP: 1/8
  3527 | D:4      | Noticed Menkaure
  3684 | D:4      | Slain by Menkaure

Vanquished Creatures
  A black bear (D:4)
  A bombardier beetle (D:4)
  An orc wizard (D:3)
  Robin (D:3)
  4 adders
  A white imp (D:4)
  3 dart slugs
  A ribbon worm (D:3)
  4 orcs
  8 ball pythons
  4 bats
  5 endoplasms
  2 giant cockroaches
  16 goblins
  6 hobgoblins
  4 jackals (D:3)
  6 kobolds
  2 quokkas (D:1)
  2 frilled lizards
  7 rats
79 creatures vanquished.

Vanquished Creatures (collateral kills)
  Jessica (D:2)
  A goblin (D:3)
  A hobgoblin (D:2)
  A frilled lizard (D:2)
  A rat (D:2)
5 creatures vanquished.

Grand Total: 84 creatures vanquished

Table legend: (Time is in decaauts)
 A = Elapsed time spent in this place.
 B = Non-inter-level travel time spent in this place.
 C = Inter-level travel time spent in this place.
 D = Time resting spent in this place.
 E = Time spent auto-exploring this place.
 F = Levels seen in this place.
 G = Mean time per level.
                   A        B        C        D        E       F      G
               +--------+--------+--------+--------+--------+-----+--------+
         Total |   3688 |   3595 |     93 |    265 |   2695 |   4 |  922.0 |
       Dungeon |   3688 |   3595 |     93 |    265 |   2695 |   4 |  922.0 |
               +--------+--------+--------+--------+--------+-----+--------+

Top non-repeatable levels by time:
     D:3: 1328 daAuts
     D:2: 969 daAuts
     D:1: 747 daAuts
     D:4: 641 daAuts

Table legend:
 A = Non-vault XP
 B = Vault XP
 C = Vault XP percentage of total XP
 D = Non-vault monster count
 E = Vault monster count
 F = Vault count percentage of total count
                 A         B        C        D         E       F
            +---------+---------+-------+---------+---------+-------
      Total |     356 |     108 |  23.3 |      64 |      20 |  23.8
            +---------+---------+-------+---------+---------+-------
        D:1 |      38 |       0 |   0.0 |      24 |       0 |   0.0
        D:2 |      33 |      76 |  69.7 |      12 |       9 |  42.9
        D:3 |      76 |      32 |  29.6 |      20 |      11 |  35.5
        D:4 |     209 |       0 |   0.0 |       8 |       0 |   0.0
            +---------+---------+-------+---------+---------+-------
